 Dungeon Crawl Stone Soup version 0.29-a0-322-g68df515 (webtiles) character file.

Game seed: 10687414059912306416

36 Toastz the Insei (level 3, -3/24 HPs)
             Began as an Octopode Transmuter on Apr 5, 2022.
             Slain by a hound (5 damage)
             ... on level 2 of the Dungeon.
             The game lasted 00:02:40 (1215 turns).

Toastz the Insei (Octopode Transmuter)              Turns: 1215, Time: 00:02:41

Health: -3/24      AC:  1    Str:  9    XL:     3   Next: 37%
Magic:  4/6        EV: 13    Int: 15    God:
Gold:   45         SH:  0    Dex: 14    Spells: 3/6 levels left

rFire   . . .      SeeInvis .     - Unarmed
rCold   . . .      Faith    .   (no shield)
rNeg    . . .      Spirit   .   (helmet currently unavailable)
rPois   .          Reflect  .   (no amulet)
rElec   .          Harm     .   (no ring)
rCorr   .          Rampage  .   (no ring)
Will    .....                   (no ring)
Stlth   ++........              (no ring)
HPRegen 0.08/turn               (no ring)
MPRegen 0.10/turn               (no ring)
                                (no ring)
                                (no ring)

@: appendages (expiring), wereblooded
A: tentacle spike 3, almost no armour, amphibious, 8 rings, camouflage 1,
gelatinous body 1, (nimble swimmer 1), tentacles
a: End Transformation


You were on level 2 of the Dungeon.
One of your tentacles had grown a beastly spike.
You visited 1 branch of the dungeon, and saw 2 of its levels.

You collected 45 gold pieces.

Inventory:

Missiles
 d - 73 stones (quivered)
Scrolls
 c - a scroll of fog {unknown}
 e - a scroll of identify {unknown}
Potions
 a - 2 potions of lignification
 b - a potion of curing {unknown}
 f - 2 potions of haste {unknown}


   Skills:
 + Level 1.9 Fighting
 - Level 2.0 Dodging
 + Level 3.7 Unarmed Combat
 - Level 2.0 Spellcasting
 + Level 2.2 Transmutations


You had 3 spell levels left.
You knew the following spells:

 Your Spells              Type           Power      Damage    Failure   Level
a - Beastly Appendage     Tmut           16%        N/A       9%          1
b - Wereblood             Tmut           8%         N/A       13%         2

Your spell library contained the following spells:

 Spells                   Type           Power      Damage    Failure   Level
 Sting                    Tmut/Pois      16%        1d3       14%         1
 Spider Form              Tmut/Pois      4%         N/A       38%         3
 Dazzling Flash           Conj/Hex       2%         N/A       54%         3
 Ice Form                 Ice/Tmut       4%         N/A       80%         4
 Agony                    Necr           1%         N/A       99%         5
 Silence                  Hex/Air        0%         N/A       99%         5


Dungeon Overview and Level Annotations

Branches:
Dungeon (2/15)

Altars:


Innate Abilities, Weirdness & Mutations

One of your tentacles has grown a beastly spike.
You cannot wear most types of armour.
You are amphibious.
You can wear up to eight rings at the same time.
Your skin changes colour to match your surroundings (Stealth+).
Your rubbery body absorbs attacks. (AC +1, EV +1)
((You are camouflaged when in or above water. (Stealth+)))
You have tentacles for arms and can constrict up to eight enemies at once.


Message History

a - 2 potions of lignification (gained 1)
A hound and a giant cockroach come into view.
The hound barks!
You see here 8 gold pieces.
Casting: Beastly Appendage (safe; 9% risk of failure)
Confirm with . or Enter, or press ? or * to list all spells.
One of your tentacles grows a vicious spike.
An endoplasm comes into view.
The hound attacks as you move away! The hound closely misses you.
You see here 8 gold pieces.
The hound attacks as you move away! The hound bites you.
Your transformation is almost over.
The hound bites you.
A dart slug comes into view.
The hound bites you. The dart slug launches a dart at you.
The slug dart hits you.
Casting: Beastly Appendage (safe; 9% risk of failure)
Confirm with . or Enter, or press ? or * to list all spells.
You don't know that spell.
Casting: Beastly Appendage (safe; 9% risk of failure)
Confirm with . or Enter, or press ? or * to list all spells.
Your blood is infused with primal strength.
The hound barely misses you.
You closely miss the hound. Your grab misses the hound.
Your tentacle spike misses the hound.
The hound barely misses you. The hound completely misses you.
You tentacle-slap the hound. Your grab misses the hound.
You pierce the hound.
The hound is heavily wounded.
A hobgoblin comes into view.
The hound bites you.
* * * LOW HITPOINT WARNING * * *
The hobgoblin shouts!
You tentacle-slap the hound. Your grab misses the hound.
You pierce the hound.
The hound is almost dead.
You hear a shout!
The hound bites you.
* * * LOW HITPOINT WARNING * * *
The hound bites you.
You die...

#..####.# ###..# #.#
## ##....## #.# ..
####......###.###=##
#...................
#####...........#####
#.......B.$........
#>###.##h####...###
... #..##@# #..J#
.... ....##.# #.#
.........#... .
.........#....
.......#w....
..............
#g.....# ........


You could see a hound, a dart slug, a giant cockroach and a hobgoblin.

Vanquished Creatures
  A gnoll (D:1)
  An endoplasm (D:1)
  2 giant cockroaches (D:1)
  5 goblins (D:1)
  5 hobgoblins (D:1)
  2 quokkas (D:1)
  A ball python (D:1)
  2 bats (D:1)
  A frilled lizard (D:2)
  2 kobolds
  2 rats (D:1)
24 creatures vanquished.

Notes
Turn   | Place    | Note
-------+----------+-------------------------------------------
     0 | D:1      | Toastz the Octopode Transmuter began the quest for the Orb.
     0 | D:1      | Reached XP level 1. HP: 13/13 MP: 3/3
   321 | D:1      | Reached XP level 2. HP: 18/18 MP: 3/5
   459 | D:1      | Found a faded altar of an unknown god.
   467 | D:1      | Got Plato's Disquisition on Toxins
   559 | D:1      | Learned a level 2 spell: Wereblood
   848 | D:1      | Reached XP level 3. HP: 23/24 MP: 4/6
  1215 | D:2      | Slain by a hound

Illustrated notes

Levels and vault maps discovered:
D:1:      lightli_arrival_farm, layout_basic,
          shapermc_ecumenical_altar_rom_forum, grunt_decor_resistance
D:2:      layout_rooms, amcnicky_mini_corridor_feature

Action                   || total
-------------------------++-------
Melee: Unarmed           ||    48
       Kick              ||    13
       Constrict         ||    14
       Tentacles         ||    13
       Punch             ||     1
Throw: Stone             ||     1
 Cast: Beastly Appendage ||    17
       Wereblood         ||     1
 Stab: Sleeping          ||     2
Armor: Skin              ||     5
Dodge: Dodged            ||    31

Table legend: (Time is in decaauts)
 A = Elapsed time spent in this place.
 B = Non-inter-level travel time spent in this place.
 C = Inter-level travel time spent in this place.
 D = Time resting spent in this place.
 E = Time spent auto-exploring this place.
 F = Levels seen in this place.
 G = Mean time per level.
                   A        B        C        D        E       F      G
               +--------+--------+--------+--------+--------+-----+--------+
         Total |   1211 |   1157 |     54 |      0 |    980 |   2 |  605.5 |
       Dungeon |   1211 |   1157 |     54 |      0 |    980 |   2 |  605.5 |
               +--------+--------+--------+--------+--------+-----+--------+

Top non-repeatable levels by time:
     D:1: 1118 daAuts
     D:2: 92 daAuts
